 Dungeon Crawl Stone Soup version 0.18.1-50-g88ac8fd (webtiles) character file.

193 Hawkwind the Shield-Bearer (level 5, -5/33 HPs)
             Began as a Gargoyle Fighter on Feb 24, 2019.
             Slain by an orc warrior
             ... wielding a +0 scimitar
              (11 damage)
             ... on level 7 of the Dungeon on May 25, 2019.
             The game lasted 00:11:16 (1763 turns).

Hawkwind the Shield-Bearer (Gargoyle Fighter)       Turns: 1763, Time: 00:11:17

Health: -5/33      AC: 11    Str: 21    XL:     5   Next: 72%
Magic:  5/5        EV: 12    Int:  8    God:
Gold:   87         SH:  9    Dex:  9    Spells: 0 memorised, 4 levels left

rFire  . . .     SeeInvis .     a - +0 trident
rCold  . . .     Gourm    .     b - +0 scale mail
rNeg   + . .     Faith    .     c - +0 shield
rPois  ∞         Spirit   .     (no helmet)
rElec  +         Dismiss  .     (no cloak)
rCorr  .         Reflect  .     (no gloves)
SustAt .         Harm     .     (no boots)
MR     .....                    (no amulet)
Stlth  ..........               u - +1 ring of slaying
                                r - +4 ring of evasion

@: not resistant to hostile enchantments, extremely unstealthy
A: negative energy resistance 1, electricity resistance, unbreathing,
petrification resistance, rot immunity, AC +4
a: no special abilities


You were on level 7 of the Dungeon.
You were very hungry.

You visited 1 branch of the dungeon, and saw 7 of its levels.

You collected 87 gold pieces.

Inventory:

Hand Weapons
 a - a +0 trident (weapon)
Armour
 b - a +0 scale mail (worn)
 c - a +0 shield (worn)
Jewellery
 r - a +4 ring of evasion (left hand)
 u - a +1 ring of slaying (right hand)
Wands
 o - a wand of flame (24/48)
 s - a wand of polymorph (2/24)
Scrolls
 e - 2 scrolls of remove curse {unknown}
 g - a scroll of blinking {unknown}
 h - a scroll of teleportation {unknown}
 j - a scroll of noise {unknown}
 n - a scroll of fog {unknown}
 p - a scroll of enchant armour {unknown}
 q - a scroll of identify {unknown}
 t - a scroll of magic mapping {unknown}
Potions
 d - a potion of might
 i - a potion of heal wounds {unknown}
 k - 2 potions of degeneration {unknown}
 l - a potion of agility
 m - a potion of cure mutation {unknown}
Comestibles
 f - 2 bread rations


   Skills:
 + Level 4.1 Fighting
 + Level 2.2 Polearms
 + Level 4.3 Armour
 + Level 1.4 Dodging
 + Level 4.6 Shields
 + Level 0.1 Evocations


You had 4 spell levels left.
You didn't know any spells.

Dungeon Overview and Level Annotations

Branches:
Dungeon (7/15)
 Temple: D:4-7

Altars:
Ashenzari
Gozag
Nemelex Xobeh
Okawaru

Shops:
D:6 %


Innate Abilities, Weirdness & Mutations

You are resistant to torment.
Your stone body is resilient (AC +4).
You are immune to poison.
You resist negative energy.
You are resistant to electric shocks.
You can survive without breathing.
You are immune to petrification.
You are immune to rotting.


Message History

Your shield and scale mail prevent you from hitting the orc priest.
The orc priest is almost dead.
The orc priest calls down the wrath of Beogh upon you.
Beogh smites you!
* * * LOW HITPOINT WARNING * * *
An orc and an orc warrior come into view.
You barely miss the orc priest.
The orc priest is almost dead.
You block the orc priest's attack.
You hit the orc priest.
You kill the orc priest!
You puncture the orc!
You kill the orc!
You block the orc warrior's attack.
The orc warrior hits you with a scimitar.
* * * LOW HITPOINT WARNING * * *
Things that are here:
a dagger; a whip; an orc corpse The orc warrior hits you with a scimitar!
You die...

## # .# #.
.# . .##.#
..# ...# ..
#.:# #.##@.#
#..o).#
####.##### #
#.....#
#.########.#
#.#....# #.#
#......###.#
###.###....#
#.# #.####


You could see an orc warrior.

Vanquished Creatures
  An orc priest (D:7)
  Ijyb (D:4)
  3 worker ants
  2 adders (D:2)
  An ooze (D:3)
  A worm (D:2)
  2 dart slugs
  3 giant geckos
  3 orcs
  2 goblins
  3 hobgoblins
  5 jackals
  A kobold (D:2)
  A quokka (D:6)
  A bat (D:2)
  A giant gecko skeleton (D:6)
  A giant gecko zombie (D:6)
  3 giant newts
  3 rats
38 creatures vanquished.

Notes
Turn   | Place    | Note
--------------------------------------------------------------
     0 | D:1      | Hawkwind the Gargoyle Fighter began the quest for the Orb.
     0 | D:1      | Reached XP level 1. HP: 14/14 MP: 1/1
    53 | D:1      | Reached XP level 2. HP: 18/19 MP: 2/2
   218 | D:3      | Noticed Ijyb
   255 | D:4      | Killed Ijyb
   255 | D:4      | Reached XP level 3. HP: 21/24 MP: 3/3
   317 | D:5      | Entered Level 5 of the Dungeon
   337 | D:5      | Found a shattered altar of Ashenzari.
   343 | D:5      | Found an iron altar of Okawaru.
   725 | D:2      | Reached XP level 4. HP: 28/29 MP: 4/4
   829 | D:3      | Reached skill level 1 in Dodging
   859 | D:4      | Noticed a phantom
   900 | D:4      | Found a sparkling altar of Nemelex Xobeh.
   901 | D:4      | Found an opulent altar of Gozag.
  1289 | D:5      | Noticed a centaur
  1520 | D:6      | Reached XP level 5. HP: 33/33 MP: 5/5
  1672 | D:6      | Found Lecwatec's Food Shop.
  1759 | D:7      | Noticed an orc warrior
  1763 | D:7      | Slain by an orc warrior

Skill      XL: |  1  2  3  4 |
---------------+-------------+-----
Polearms       | 2 |  2.2
Shields        | 4 |  4.6
Armour         | 4 |  4.3
Dodging        | 1 |  1.4
Fighting       | 4 |  4.1
Evocations     | |  0.1

Action                   |  1- 3 |  4- 6 || total
-------------------------+-------+-------++-------
Melee: Trident           |   107 |   104 ||   211
Evoke: Wand              |       |     2 ||     2
  Eat: Chunk             |       |     2 ||     2
Armor: Scale mail        |    88 |    50 ||   138
Dodge: Dodged            |    46 |    44 ||    90
Block: Shield            |    72 |    68 ||   140
